 Dungeon Crawl Stone Soup version 0.31-a0-819-gf6de2f5ab6 (webtiles) character file.

Game seed: 3884930974622858105

63 qw the Shooter (level 4, 0/28 HPs)
             Began as a Gargoyle Hunter on Sept 23, 2023.
             Frozen to death by an endoplasm (1 damage)
             ... on level 3 of the Dungeon.
             The game lasted 00:00:30 (1056 turns).

qw the Shooter (Gargoyle Hunter)                    Turns: 1056, Time: 00:00:30

Health: 0/28       AC:  6    Str: 15    XL:     4   Next: 10%
Magic:  4/4        EV: 12    Int:  9    God:
Gold:   83         SH:  0    Dex: 21    Spells: 3/3 levels left

rFire   . . .        Y - +1 shortbow
rCold   . . .        (shield currently unavailable)
rNeg    + . .        c - +0 leather armour
rPois   inf          (no helmet)
rElec   +            (no cloak)
rCorr   .            (no gloves)
SInv    .            (no boots)
Will    .....        (no amulet)
Stlth   ++           f - +6 ring of dexterity
HPRegen 0.24/turn    (no ring)
MPRegen 0.09/turn

%: no passive effects
@: no status effects
A: sickness immunity, AC +3, negative energy resistance 1, electricity
resistance, torment resistance 1, petrification resistance
a: no special abilities


You were on level 3 of the Dungeon.
You visited 1 branch of the dungeon, and saw 3 of its levels.

You collected 83 gold pieces.


Innate Abilities, Weirdness & Mutations

You are immune to sickness and miasma.
Your stone body is resilient. (AC +3)
You are immune to poison.
You resist negative energy. (rN+)
You are resistant to electric shocks. (rElec)
You are resistant to unholy torment.
You are immune to petrification.


   Skills:
 - Level 3.0 Fighting
 + Level 5.2 Ranged Weapons
 - Level 1.5 Dodging
 - Level 1.1 Stealth


You had 3 spell levels left.
You didn't know any spells.
Your spell library was empty.

Inventory:

Hand Weapons
 Y - a +1 shortbow (weapon)
Armour
 c - a +0 leather armour (worn)
Jewellery
 f - a +6 ring of dexterity (left hand)
Scrolls
 a - 2 scrolls of fog {unknown}
 d - a scroll of enchant armour {unknown}
 e - a scroll of identify
Potions
 b - a potion of curing {unknown}
 g - a potion of heal wounds {unknown}

Dungeon Overview and Level Annotations

Branches:
Dungeon (2/15)

Altars:


Message History

The arrow completely misses the endoplasm.
The endoplasm barely misses you.
You shoot an arrow. The arrow hits the orc priest.
The orc priest is severely wounded.
The orc priest closely misses you.
The endoplasm hits you but does no damage.
The hobgoblin hits you but does no damage.
The orc priest hits you with a +0 mace.
You shoot an arrow.
The arrow hits the orc priest but does no damage.
The orc priest is severely wounded.
The endoplasm hits you but does no damage.
The hobgoblin closely misses you. The orc priest barely misses you.
You shoot an arrow. The arrow barely misses the orc priest.
The endoplasm barely misses you. The hobgoblin misses you.
The orc priest mumbles some strange prayers to Beogh against you.
Pain shoots through your body!
You shoot an arrow.
The arrow closely misses the orc priest.
The endoplasm hits you but does no damage.
The hobgoblin closely misses you. The orc priest barely misses you.
You shoot an arrow.
The arrow hits the orc priest but does no damage.
The orc priest is severely wounded.
The endoplasm misses you. The hobgoblin hits you.
An orc comes into view. It is wielding a +0 whip.
The orc priest hits you with a +0 mace. The endoplasm freezes you.
You are frozen.
The hobgoblin barely misses you.
You shoot an arrow. The arrow hits the orc priest.
The orc priest is severely wounded.
The orc priest hits you but does no damage.
The endoplasm hits you. The hobgoblin hits you.
You shoot an arrow.
The arrow hits the orc priest but does no damage.
The orc priest is severely wounded.
The orc priest completely misses you. The endoplasm freezes you.
You are frozen.
You die...

..### #.7
....[##.777?7
.............
#........#...
.........##.#
.........##.#
.........##)#######
#.................#
#.....#.#.@g......
#.......##Jo......
#.......##..~~....
#.......##.~).~...
$.......##~~~.)~..~
###.....# ~~..)..~.
#.....# ~...~o}~.
##[...#~~..~..~}?
######


You could see an orc priest, an orc, an endoplasm and a hobgoblin.

Vanquished Creatures
  3 dart slugs
  3 orcs (D:3)
  3 ball pythons
  7 bats
  5 endoplasms
  3 giant cockroaches
  3 goblins
  3 hobgoblins (D:1)
  4 jackals (D:1)
  A quokka (D:3)
  A frilled lizard (D:1)
  7 kobolds
  5 rats
48 creatures vanquished.

Notes
Turn   | Place    | Note
-------+----------+-------------------------------------------
     0 | D:1      | qw the Gargoyle Hunter began the quest for the Orb.
     0 | D:1      | Reached XP level 1. HP: 12/12 MP: 1/1
     0 | D:1      | 0 ||| qw: Version: 0.3-a-83-gcd0e7d8
     0 | D:1      | 0 ||| qw: Game counter: 1754
     0 | D:1      | 0 ||| qw: Melee chars always use a shield: true
     0 | D:1      | 0 ||| qw: God list: Okawaru
     0 | D:1      | 0 ||| qw: Allow faded altars: false
     0 | D:1      | 0 ||| qw: Do Orc after clearing Dungeon:15 true
     0 | D:1      | 0 ||| qw: Do second Lair branch before Depths: true
     0 | D:1      | 0 ||| qw: Lair rune preference: random
     0 | D:1      | 0 ||| qw: Goals: Normal
     0 | D:1      | 0 ||| PLANNING D:1-11
   200 | D:1      | Reached XP level 2. HP: 17/17 MP: 2/2
   291 | D:1      | Reached XP level 3. HP: 18/21 MP: 3/3
   360 | D:1      | Reached skill level 5 in Ranged Weapons
   535 | D:1      | 535 ||| UPGRADING to +6 ring of dexterity.
   536 | D:1      | 536 ||| READING scroll labelled ARAECA ELEWKUO.
   537 | D:1      | 537 ||| READING 2 scrolls labelled BUPTUR ESEKA.
   538 | D:1      | 538 ||| READING scroll labelled DAICHILLEU.
   539 | D:1      | 539 ||| DROPPING scroll of butterflies.
   998 | D:2      | Reached skill level 3 in Fighting
  1018 | D:2      | You fall into a shaft and drop 1 floor!
  1037 | D:3      | Reached XP level 4. HP: 28/28 MP: 4/4
  1054 | D:3      | HP: 5/28 [frozen (3)]
  1055 | D:3      | HP: 2/28 [endoplasm (3)]
  1056 | D:3      | Frozen to death by an endoplasm

Levels and vault maps discovered:
D:1:      mainiacjoe_arrival_reflecting_pool, layout_basic
D:2:      layout_basic
D:3:      cheibrodos_helix_gallery, layout_loops_cross,
          gammafunk_temple_overflow_claw, lemuel_crystal_altar, serial_forest,
          infiniplex_forest_end_2, infiniplex_forest_lined_room_2,
          infiniplex_forest_corner_1, infiniplex_forest_fountain,
          infiniplex_forest_straight_1, infiniplex_forest_straight_3,
          infiniplex_forest_end_1

Skill      XL: |  1  2  3 |
---------------+----------+-----
Ranged Weapons | 5 |  5.2
Fighting       | 3 |  3.0
Dodging        | |  1.5
Stealth        | |  1.1

Action                     |  1- 3 |  4- 6 || total
---------------------------+-------+-------++-------
   Fire: Shortbow          |   113 |    18 ||   131
    Use: Scroll            |     3 |       ||     3
 Armour: Leather armour    |    29 |    10 ||    39
  Dodge: Dodged            |    31 |    11 ||    42

Table legend:
 A = Non-vault XP
 B = Vault XP
 C = Vault XP percentage of total XP
 D = Non-vault monster count
 E = Vault monster count
 F = Vault count percentage of total count
                 A         B        C        D         E       F
            +---------+---------+-------+---------+---------+-------
      Total |      87 |       4 |   4.4 |      46 |       2 |   4.2
            +---------+---------+-------+---------+---------+-------
        D:1 |      54 |       0 |   0.0 |      29 |       0 |   0.0
        D:2 |      20 |       0 |   0.0 |      11 |       0 |   0.0
        D:3 |      13 |       4 |  23.5 |       6 |       2 |  25.0
            +---------+---------+-------+---------+---------+-------
